cohdb
Replays
Latest Replays
All Replays
Popular Replays
Top Player Replays
Match Explorer
How It Works
Community
CoH3 Stats
Reddit
Sign in to upload your games and track your stats! →
Sign in with Steam
Match 21218669
Unlisted
Match 21218669
Overview
Messages
Build Orders
End
Construct Infanterie Kompanie
Selects Breakthrough Battlegroup
Selects Assault Grenadiers
Grenadier Squad
MG 42 Machine Gun Team
Grenadier Squad
Infanterie Officer Quarters
Selects Breakthrough
GrW 34 Mortar Team
Construct Panzergrenadier Kompanie
Panzergrenadier Squad
Pak 40 Anti-tank Gun Team
Selects Mechanized Assault Group
Mechanized Assault Group
Construct Panzer Kompanie
Selects Rapid Production
Panzer Officer Quarters
Side Skirts
Selects Blitzkrieg
Sturmpanzer IV Brummbär
Repair Bunker
Selects Tiger Heavy Tank
Tiger Heavy Tank
我真的不是驴
FTA_Viper
我小叮当今晚要搞事!
【CH】ppsh42
恍神
oki
R19
剩者为王
0
0
Comments
sign in to comment!
No comments posted yet!